 Dungeon Crawl Stone Soup version 0.31-a0-152-g6aa68a64a1 (webtiles) character file.

Game seed: 10950750293617850327

137 qw the Shooter (level 5, 0/49 HPs)
             Began as a Naga Hunter on June 11, 2023.
             Hit by a goblin thrown by Robin (2 damage)
             ... on level 3 of the Dungeon.
             The game lasted 00:00:34 (1564 turns).

qw the Shooter (Naga Hunter)                        Turns: 1564, Time: 00:00:34

Health: 0/49       AC:  3    Str: 14    XL:     5   Next: 20%
Magic:  5/5        EV:  9    Int:  9    God:
Gold:   145        SH:  0    Dex: 16    Spells: 4/4 levels left

rFire   + . .        Y - +0 shortbow
rCold   . . .        (shield currently unavailable)
rNeg    . . .        c - +0 leather armour
rPois   +            (no helmet)
rElec   .            (no cloak)
rCorr   .            (no gloves)
SInv    +            (no barding)
Will    .....        a - amulet of faith
Stlth   ++           e - ring of protection from fire
HPRegen 0.28/turn    (no ring)
MPRegen 0.09/turn

%: faith
@: about to teleport, short of breath, very slow
A: AC +1, large, see invisible, deformed body, poison resistance, slowness 2,
spit poison 1, naga tail 1
a: Spit Poison


You were on level 3 of the Dungeon.
You visited 1 branch of the dungeon, and saw 3 of its levels.

You collected 145 gold pieces.


Innate Abilities, Weirdness & Mutations

Your serpentine skin is tough. (AC +1)
You have supernaturally acute eyesight. (SInv)
Armour fits poorly on your strangely shaped body.
Your system is resistant to poisons. (rPois)
You cover ground very slowly.
You can spit poison.
You have a snake-like lower body.


   Skills:
 - Level 3.0 Fighting
 + Level 5.3 Ranged Weapons
 - Level 1.5 Dodging
 - Level 1.5 Stealth


You had 4 spell levels left.
You didn't know any spells.
Your spell library was empty.

Inventory:

Hand Weapons
 Y - a +0 shortbow (weapon)
Armour
 c - a +0 leather armour (worn)
 g - a +2 pair of gloves
Jewellery
 a - an amulet of faith (around neck)
 e - a ring of protection from fire (left hand)
 i - an amulet of reflection
Potions
 b - a potion of curing {unknown}
 d - a potion of lignification {unknown}
 f - a potion of magic {unknown}
 j - a potion of brilliance {unknown}
 k - a potion of haste {unknown}

Dungeon Overview and Level Annotations

Branches:
Dungeon (3/15)

Altars:

Shops:
D:2 [

Annotations:
D:3 Robin


Message History

You shoot an arrow. The arrow hits the goblin.
The goblin is heavily wounded.
The goblin barely misses you. The goblin hits you with a +0 dagger.
The goblin shoots a sling bullet.
The sling bullet hits you but does no damage.
The goblin hits you with a +0 club. The hobgoblin completely misses you.
Robin throws the goblin at you! The goblin hits you with a +0 dagger.
You shoot an arrow. The arrow hits the goblin!
You kill the goblin!
The goblin shoots a sling bullet.
The sling bullet hits you but does no damage.
The hobgoblin hits you. The goblin hits you with a +0 dagger.
The goblin hits you but does no damage.
The goblin shoots a sling bullet.
The sling bullet hits you.
You shoot an arrow. The arrow hits the hobgoblin.
The hobgoblin is lightly wounded.
The goblin completely misses you. Robin throws the goblin at you!
The goblin hits you but does no damage.
The goblin unwields a +0 sling.
The goblin wields a +0 club.
The goblin hits you with a +0 club.
You shoot an arrow. The arrow closely misses the hobgoblin.
The goblin closely misses you.
The hobgoblin hits you but does no damage.
The goblin closely misses you. Robin throws the goblin at you!
The goblin unwields a +0 sling.
The goblin wields a +0 club.
The goblin barely misses you. The goblin hits you with a +0 club.
1563 ||| READING scroll of teleportation.
As you read the scroll of teleportation, it crumbles to dust.
You feel strangely unstable.
You have got your breath back.
The goblin hits you with a +0 dagger.
The hobgoblin hits you but does no damage.
The goblin barely misses you. The goblin hits you with a +0 club. x2
1564 ||| INVOKING Spit Poison.
Aiming: Spit Poison (1% risk of failure)
Press: ? - help, Shift-Dir - straight line, f/p - hobgoblin The splash of poison hits the hobgoblin!
The hobgoblin is poisoned.
You kill the hobgoblin!
The goblin hits you but does no damage. x2; Robin throws the goblin at you!
You die...

#...#...#........
#####...#...#......#....
........#...#....(.#....
.....)).#...#......#.%.)
........#...#...........
.....................>..
.......)..........))....
...............g.g.?....
...:...........g@%...#
...............gg....#
........................
........................
#................#......
#....##..........#....##
#................#....#
###.<.................#
##...................#


You could see Robin and 4 goblins.

Vanquished Creatures
  2 orc priests (D:3)
  An adder (D:3)
  A worm (D:2)
  A dart slug (D:3)
  8 orcs (D:3)
  3 bats
  4 endoplasms
  A giant cockroach (D:1)
  12 goblins
  6 hobgoblins
  2 jackals (D:1)
  2 kobolds (D:1)
  2 quokkas (D:1)
  3 ball pythons (D:1)
  A frilled lizard (D:1)
  A rat (D:1)
50 creatures vanquished.

Notes
Turn   | Place    | Note
-------+----------+-------------------------------------------
     0 | D:1      | qw the Naga Hunter began the quest for the Orb.
     0 | D:1      | Reached XP level 1. HP: 19/19 MP: 1/1
     0 | D:1      | 0 ||| qw: Version: 0.2-a-29-gdad1ea2
     0 | D:1      | 0 ||| qw: Game counter: 4067
     0 | D:1      | 0 ||| qw: Always use a shield: true
     0 | D:1      | 0 ||| qw: God list: Okawaru
     0 | D:1      | 0 ||| qw: Allow faded altars: false
     0 | D:1      | 0 ||| qw: Do Orc after D:15 true
     0 | D:1      | 0 ||| qw: Do second Lair branch before Depths: true
     0 | D:1      | 0 ||| qw: Lair rune preference: random
     0 | D:1      | 0 ||| qw: Plans: Normal
     0 | D:1      | 0 ||| PLANNING D:1-11
    40 | D:1      | 40 ||| INVOKING Spit Poison.
    80 | D:1      | 80 ||| INVOKING Spit Poison.
    86 | D:1      | 86 ||| INVOKING Spit Poison.
    88 | D:1      | Found a faded altar of an unknown god.
    93 | D:1      | 93 ||| INVOKING Spit Poison.
   100 | D:1      | 100 ||| INVOKING Spit Poison.
   101 | D:1      | Reached skill level 4 in Ranged Weapons
   101 | D:1      | Reached XP level 2. HP: 26/26 MP: 2/2
   163 | D:1      | 163 ||| INVOKING Spit Poison.
   180 | D:1      | 180 ||| INVOKING Spit Poison.
   270 | D:1      | 270 ||| INVOKING Spit Poison.
   273 | D:1      | 273 ||| INVOKING Spit Poison.
   279 | D:1      | 279 ||| INVOKING Spit Poison.
   342 | D:1      | 342 ||| INVOKING Spit Poison.
   373 | D:1      | 373 ||| INVOKING Spit Poison.
   448 | D:1      | 448 ||| INVOKING Spit Poison.
   451 | D:1      | 451 ||| INVOKING Spit Poison.
   454 | D:1      | Reached XP level 3. HP: 29/32 MP: 3/3
   489 | D:1      | 489 ||| INVOKING Spit Poison.
   530 | D:1      | 530 ||| INVOKING Spit Poison.
   763 | D:1      | 763 ||| READING scroll labelled UCZOFAITIE.
   764 | D:1      | 764 ||| DROPPING scroll of butterflies.
   827 | D:2      | Found Yjurph's Armour Boutique.
   834 | D:2      | 834 ||| SHOPLISTING +2 ring mail of poison resistance (216
                  | gold, have 54).
   845 | D:2      | 845 ||| INVOKING Spit Poison.
   933 | D:2      | 933 ||| INVOKING Spit Poison.
  1072 | D:2      | 1072 ||| INVOKING Spit Poison.
  1078 | D:2      | 1078 ||| INVOKING Spit Poison.
  1083 | D:2      | 1083 ||| INVOKING Spit Poison.
  1086 | D:2      | 1086 ||| INVOKING Spit Poison.
  1106 | D:2      | 1106 ||| INVOKING Spit Poison.
  1266 | D:2      | 1266 ||| UPGRADING to amulet of faith.
  1271 | D:2      | 1271 ||| DROPPING amulet of guardian spirit.
  1272 | D:2      | 1272 ||| UPGRADING to ring of protection from fire.
  1273 | D:2      | 1273 ||| READING scroll labelled ZUFO TUENIUNOA.
  1274 | D:2      | 1274 ||| READING 2 scrolls labelled UDAFFO UXAKH.
  1296 | D:3      | 1296 ||| STAIRDANCE
  1322 | D:3      | 1322 ||| STAIRDANCE
  1337 | D:3      | 1337 ||| INVOKING Spit Poison.
  1361 | D:3      | 1361 ||| INVOKING Spit Poison.
  1366 | D:3      | 1366 ||| INVOKING Spit Poison.
  1367 | D:3      | Reached skill level 5 in Ranged Weapons
  1367 | D:3      | Reached XP level 4. HP: 24/39 MP: 4/4
  1372 | D:3      | 1372 ||| INVOKING Spit Poison.
  1373 | D:3      | 1373 ||| INVOKING Spit Poison.
  1377 | D:3      | 1377 ||| INVOKING Spit Poison.
  1383 | D:3      | 1383 ||| INVOKING Spit Poison.
  1386 | D:3      | Reached XP level 5. HP: 23/48 MP: 5/5
  1387 | D:3      | 1387 ||| INVOKING Spit Poison.
  1388 | D:3      | Reached skill level 3 in Fighting
  1548 | D:3      | 1548 ||| INVOKING Spit Poison.
  1553 | D:3      | Noticed Robin
  1554 | D:3      | 1554 ||| INVOKING Spit Poison.
  1557 | D:3      | 1557 ||| INVOKING Spit Poison.
  1562 | D:3      | HP: 12/49 [goblin/+0 club[Robin] (4)]
  1563 | D:3      | 1563 ||| READING scroll of teleportation.
  1563 | D:3      | HP: 5/49 [goblin/+0 club[Robin] (5)]
  1563 | D:3      | HP: 2/49 [goblin/+0 club[Robin] (3)]
  1564 | D:3      | 1564 ||| INVOKING Spit Poison.
  1564 | D:3      | Hit by a goblin thrown by Robin

Levels and vault maps discovered:
D:1:      wheals_arrival_linesprint, layout_basic, basic_ecumenical_altar,
          hangedman_abyss_or_decor_stabs
D:2:      wander_river, layout_rooms, serial_shops,
          nicolae_shop_just_a_little_nook, minmay_3d_cube
D:3:      layout_basic, marbit_many_paths, mainiacjoe_overflow_catwalk,
          bh_walls_and_bars, uniq_robin, uniq_sigmund, uniq_crazy_yiuf_cottage

Skill      XL: |  1  2  3  4  5 |
---------------+----------------+-----
Ranged Weapons | 4 5 |  5.3
Fighting       | 3 |  3.0
Dodging        | |  1.5
Stealth        | |  1.5

Action                     |  1- 3 |  4- 6 || total
---------------------------+-------+-------++-------
   Fire: Shortbow          |    59 |    28 ||    87
Ability: Spit Poison       |    26 |     8 ||    34
    Use: Scroll            |     3 |     1 ||     4
 Armour: Leather armour    |     5 |    11 ||    16
  Dodge: Dodged            |     7 |    17 ||    24

Table legend:
 A = Non-vault XP
 B = Vault XP
 C = Vault XP percentage of total XP
 D = Non-vault monster count
 E = Vault monster count
 F = Vault count percentage of total count
                 A         B        C        D         E       F
            +---------+---------+-------+---------+---------+-------
      Total |     179 |      20 |  10.1 |      40 |      10 |  20.0
            +---------+---------+-------+---------+---------+-------
        D:1 |      39 |       0 |   0.0 |      22 |       0 |   0.0
        D:2 |      11 |       8 |  42.1 |       4 |       4 |  50.0
        D:3 |     129 |      12 |   8.5 |      14 |       6 |  30.0
            +---------+---------+-------+---------+---------+-------
